 Dungeon Crawl Stone Soup version 0.18.1-48-g4cf74bf (webtiles) character file.

23611 Galewin the Severer (level 12, -1/90 HPs)
             Began as a Minotaur Berserker on Aug 22, 2016.
             Was a High Priest of Trog.
             Slain by a white ugly thing (4 damage)
             ... on level 13 of the Dungeon.
             The game lasted 00:33:52 (11838 turns).

Galewin the Severer (Minotaur Berserker)           Turns: 11838, Time: 00:33:52

Health: -1/90      AC: 24    Str: 29    XL:     12   Next: 73%
Magic:  11/11      EV: 12    Int:  4    God:    Trog [*****.]
Gold:   178        SH:  0    Dex: 11    Spells: 0 memorised, 11 levels left

rFire  . . .     SeeInvis .     u - +3 battleaxe
rCold  . . .     Gourm    .     D - +0 plate armour
rNeg   . . .     Faith    .     (shield currently unavailable)
rPois  .         Spirit   .     (helmet restricted)
rElec  .         Dismiss  .     L - +2 cloak
rCorr  .         Reflect  .     C - +2 pair of gloves {Str+3}
SustAt .         Harm     .     B - +1 pair of boots
MR     .....                    (no amulet)
Stlth  ..........               (no ring)
                                (no ring)

@: exhausted, not resistant to hostile enchantments, extremely unstealthy
A: retaliatory headbutt, horns 2
a: Berserk, Trog's Hand, Brothers in Arms, Burn Spellbooks, Renounce Religion


You were on level 13 of the Dungeon.
You worshipped Trog.
Trog was extremely pleased with you.
You were not hungry.

You visited 1 branch of the dungeon, and saw 13 of its levels.

You collected 928 gold pieces.
You spent 750 gold pieces at shops.

Inventory:

Hand Weapons
 u - a +3 battleaxe (weapon)
 P - a cursed -3 executioner's axe
Armour
 B - a +1 pair of boots (worn)
 C - a +2 pair of gloves of strength (worn)
 D - a +0 plate armour (worn)
 L - a +2 cloak (worn)
Jewellery
 z - an uncursed ring of protection from cold
 N - an uncursed amulet of magic regeneration {unknown}
 R - a +2 amulet of reflection {unknown}
 T - an uncursed amulet of the gourmand {unknown}
Wands
 f - a wand of teleportation (4/9)
 l - a wand of slowing (30/48)
 H - a wand of lightning (8/15)
 I - a wand of flame (31/48)
Scrolls
 e - 2 scrolls of fear
 h - 3 scrolls of teleportation
 k - 4 scrolls of blinking {unknown}
 n - 2 scrolls of immolation {unknown}
 o - 2 scrolls of magic mapping {unknown}
 p - 4 scrolls of fog {unknown}
 q - 3 scrolls of random uselessness {unknown}
 r - 4 scrolls of enchant armour {unknown}
 w - 9 scrolls of remove curse
 x - 3 scrolls of recharging {unknown}
 y - a scroll of silence {unknown}
 F - 2 scrolls of enchant weapon {unknown}
 G - a scroll of noise {unknown}
 M - 3 scrolls of amnesia {unknown}
Potions
 a - a potion of magic {unknown}
 b - a potion of lignification {unknown}
 i - 2 potions of invisibility {unknown}
 m - a potion of mutation {unknown}
 s - 2 potions of berserk rage {unknown}
 t - 2 potions of haste {unknown}
 v - 4 potions of heal wounds
 A - 2 potions of brilliance {unknown}
 E - a potion of might {unknown}
 J - a potion of cancellation {unknown}
 K - 2 potions of degeneration {unknown}
 O - a potion of curing {unknown}
 Q - a potion of resistance {unknown}
Miscellaneous
 j - a phantom mirror
Comestibles
 c - 7 bread rations
 d - 6 meat rations
 g - 3 royal jellies
 S - 4 chunks of flesh
 U - a fruit


   Skills:
 - Level 3.6 Fighting
 * Level 18.4 Axes
 + Level 11.7 Armour
 + Level 11.1 Dodging


You had 11 spell levels left.
You didn't know any spells.

Dungeon Overview and Level Annotations

Branches:
Dungeon (13/15)            Temple (0/1) D:7            Lair (0/8) D:9
    Orc (0/2) D:12
 Vaults: D:13-14

Altars:
Cheibriados
Elyvilon
Fedhas
Gozag
Qazlal
Sif Muna
Trog
Xom
Yredelemnul
The Shining One

Shops:
D:6 [   D:7 *   D:11 }[   D:12 (


Innate Abilities, Weirdness & Mutations

You reflexively headbutt those who attack you in melee.
You have a pair of horns on your head.


Message History

The white ugly thing claws you but does no damage.
You closely miss the white ugly thing.
Your headbutt misses the white ugly thing.
The white ugly thing is severely wounded.
The white ugly thing claws you! The white ugly thing freezes you!
Your plate armour prevents you from hitting the white ugly thing.
The white ugly thing is severely wounded.
The white ugly thing claws you but does no damage.
You hit the white ugly thing.
The white ugly thing is severely wounded.
You closely miss the white ugly thing.
Your headbutt misses the white ugly thing.
The white ugly thing is severely wounded.
The white ugly thing claws you. The white ugly thing freezes you!!
* * * LOW HITPOINT WARNING * * *
You're too exhausted to go berserk.
You slash the white ugly thing!
The white ugly thing is almost dead.
The white ugly thing claws you.
You die...

#.## #..... §§
########.# #..§§
...#....# #...
######.#.##.###.#
#......).##(....##
#.####...(.......#
.............###.#
#........#.#.# #@#
#..#.....#.#.# #u#
#..#.#..##.#.###.###
#).#.#.............#
((.>...###.#.###.#.###
#(.†.#####.#.# #.#...#
...........#.# #.# #.#
#...#####.........##.#
#...# ####...###..##.#


You could see a white ugly thing.

Vanquished Creatures
  A catoblepas (D:13)
  2 unseen horrors
  4 hill giants
  A manticore (D:11)
  4 ugly things
  A griffon (D:13)
  A wizard (D:10)
  3 centaur zombies
  4 cyclopes
  Maurice (D:10)
  A troll (D:9)
  A queen bee (D:8)
  2 two-headed ogres
  2 wraiths
  3 wyverns
  2 hungry ghosts
  16 yaks
  A basilisk (D:9)
  A steam dragon (D:13)
  3 hippogriffs
  A mottled dragon (D:13)
  Edmund (D:4)
  3 water moccasins
  6 porcupines (D:9)
  12 orc warriors
  2 black bears
  5 ice beasts
  2 ogres
  3 phantoms
  8 centaurs
  2 big kobolds
  2 crocodiles
  9 giant frogs
  A gnoll sergeant (D:8)
  A scorpion (D:5)
  31 killer bees
  8 wights
  4 electric eels
  9 crimson imps
  3 quasits
  3 centaur skeletons
  A giant frog zombie (D:5)
  9 hounds
  4 jellies
  11 orc priests
  11 orc wizards
  4 iguanas
  2 giant frog skeletons
  Natasha (thrice) (D:2)
  10 worker ants
  5 sheep (D:13)
  A hound skeleton (D:6)
  A worker ant zombie (D:6)
  11 adders
  4 gnolls (D:8)
  4 river rats (D:9)
  5 shadow imps
  An ooze (D:7)
  An adder zombie (D:10)
  3 adder skeletons
  5 worms
  A dart slug (D:1)
  A giant gecko (D:1)
  59 orcs
  3 bats
  4 giant cockroaches
  6 goblins
  9 hobgoblins
  10 jackals
  15 kobolds
  6 quokkas
  5 giant newts
  2 quokka skeletons
  12 rats
399 creatures vanquished.

Vanquished Creatures (collateral kills)
  A cyclops (D:13)
1 creature vanquished.

Vanquished Creatures (others)
  An orc wizard (D:12)
  2 fungi (D:9)
  5 plants (D:9)
8 creatures vanquished.

Grand Total: 408 creatures vanquished

Notes
Turn   | Place    | Note
--------------------------------------------------------------
     0 | D:1      | Galewin the Minotaur Berserker began the quest for the Orb.
     0 | D:1      | Reached XP level 1. HP: 19/19 MP: 0/0
    54 | D:1      | Reached skill level 4 in Axes
   269 | D:1      | Reached XP level 2. HP: 20/26 MP: 1/1
   705 | D:2      | Noticed Natasha
   706 | D:2      | Noticed a crimson imp
   710 | D:2      | Killed Natasha
   710 | D:2      | Reached skill level 5 in Axes
   710 | D:2      | Reached XP level 3. HP: 31/31 MP: 2/2
   773 | D:2      | Reached XP level 4. HP: 39/39 MP: 3/3
   774 | D:2      | Reached skill level 6 in Axes
   776 | D:2      | Reached ** piety under Trog
   867 | D:2      | Noticed Natasha
   888 | D:2      | Killed Natasha
   943 | D:2      | Noticed Natasha
   951 | D:2      | Killed Natasha
   951 | D:2      | Reached skill level 7 in Axes
   951 | D:2      | Reached XP level 5. HP: 45/45 MP: 4/4
  1805 | D:3      | Reached *** piety under Trog
  1870 | D:3      | Found a white marble altar of Elyvilon.
  1923 | D:4      | Noticed an ice beast
  1927 | D:4      | Killed an ice beast
  1927 | D:4      | Reached skill level 8 in Axes
  1927 | D:4      | Reached XP level 6. HP: 42/51 MP: 5/5
  1959 | D:4      | Noticed Edmund
  1975 | D:4      | Killed Edmund
  1975 | D:4      | Reached skill level 9 in Axes
  2437 | D:4      | Found a snail-covered altar of Cheibriados.
  2587 | D:4      | Reached XP level 7. HP: 35/57 MP: 6/6
  2874 | D:5      | Entered Level 5 of the Dungeon
  2883 | D:5      | Reached skill level 10 in Axes
  2903 | D:5      | Found a stormy altar of Qazlal.
  3001 | D:5      | Found a blossoming altar of Fedhas.
  3183 | D:5      | Reached skill level 11 in Axes
  3233 | D:5      | Reached XP level 8. HP: 56/64 MP: 7/7
  3765 | D:5      | Reached skill level 12 in Axes
  3767 | D:5      | Reached **** piety under Trog
  3836 | D:5      | Found a deep blue altar of Sif Muna.
  4854 | D:6      | Found Fyst's Antique Armour Boutique.
  4904 | D:6      | Reached skill level 13 in Axes
  4904 | D:6      | Reached XP level 9. HP: 23/70 MP: 8/8
  4917 | D:6      | Bought a pair of glowing boots for 121 gold pieces
  4917 | D:6      | Bought a pair of glowing gloves for 121 gold pieces
  5107 | D:7      | Reached skill level 5 in Armour
  5155 | D:7      | Found a staircase to the Ecumenical Temple.
  5175 | D:7      | Found a basalt altar of Yredelemnul.
  5190 | D:7      | Found Xuteciz's Assorted Antiques.
  5196 | D:7      | Bought a scroll of identify for 58 gold pieces
  5413 | D:7      | Reached skill level 5 in Dodging
  5455 | D:7      | Found a bloodstained altar of Trog.
  5513 | D:7      | Reached ***** piety under Trog
  5545 | D:7      | Found an opulent altar of Gozag.
  5791 | D:8      | Reached skill level 14 in Axes
  5910 | D:8      | Noticed a queen bee
  5923 | D:8      | Killed a queen bee
  6180 | D:8      | Reached XP level 10. HP: 77/77 MP: 9/9
  6373 | D:8      | Received a gift from Trog
  6924 | D:9      | Reached skill level 15 in Axes
  6947 | D:9      | Found a staircase to the Lair.
  7449 | D:9      | Found a glowing golden altar of the Shining One.
  7524 | D:9      | Received a gift from Trog
  8033 | D:9      | Found a shimmering altar of Xom.
  8108 | D:10     | Entered Level 10 of the Dungeon
  8129 | D:10     | Noticed a wizard
  8138 | D:10     | Killed a wizard
  8138 | D:10     | Reached XP level 11. HP: 82/82 MP: 10/10
  8411 | D:10     | Noticed a hill giant
  8414 | D:10     | Killed a hill giant
  8454 | D:10     | Reached skill level 16 in Axes
  8477 | D:10     | Noticed Maurice
  8511 | D:10     | Killed Maurice
  8649 | D:10     | Noticed a hill giant
  8661 | D:10     | Killed a hill giant
  9371 | D:11     | Found Dopnihics's Antique Armour Emporium.
  9379 | D:11     | Reached skill level 10 in Armour
  9458 | D:11     | Noticed a red ugly thing
  9463 | D:11     | Killed a red ugly thing
  9615 | D:11     | Noticed a green ugly thing
  9622 | D:11     | Killed a green ugly thing
  9706 | D:11     | Noticed a hill giant
  9713 | D:11     | Killed a hill giant
  9718 | D:11     | Reached skill level 17 in Axes
  9719 | D:11     | Received a gift from Trog
  9823 | D:11     | Found Atsub Lulu's Gadget Boutique.
  9847 | D:11     | Bought a phantom mirror for 450 gold pieces
 10082 | D:11     | Noticed a lindwurm
 10083 | D:11     | Noticed a lindwurm
 10084 | D:11     | Noticed a lindwurm
 10091 | D:11     | Noticed a lindwurm
 10104 | D:11     | Killed an unseen horror
 10104 | D:11     | Reached XP level 12. HP: 86/90 MP: 11/11
 10337 | D:12     | Reached skill level 10 in Dodging
 10346 | D:12     | Found Mukhipn's Weapon Shoppe.
 10630 | D:12     | Found a staircase to the Orcish Mines.
 11306 | D:13     | Reached skill level 18 in Axes
 11604 | D:13     | Found an opulent altar of Gozag.
 11692 | D:13     | Noticed a catoblepas
 11699 | D:13     | Killed a catoblepas
 11837 | D:13     | HP: 3/90 [white ugly thing (25)]
 11838 | D:13     | Slain by a white ugly thing

Skill      XL: |  1  2  3  4  5  6  7  8  9 10 11 12 |
---------------+-------------------------------------+-----
Axes           | 4 5 7 8 9 11 13 14 15 17 18 | 18.4
Armour         | 4 6 9 10 11 | 11.7
Dodging        | 4 6 8 9 11 | 11.1
Fighting       | |  3.6

Action                   |  1- 3 |  4- 6 |  7- 9 | 10-12 || total
-------------------------+-------+-------+-------+-------++-------
Melee: Hand axe          |    40 |   137 |   237 |       ||   414
       Headbutt          |     9 |    22 |    63 |   127 ||   221
       War axe           |       |       |    47 |       ||    47
       Battleaxe         |       |       |    32 |   575 ||   607
Invok: Berserk           |     2 |     5 |    10 |    19 ||    36
       Trog's Hand       |       |       |     3 |     1 ||     4
       Burn Spellbooks   |       |       |     2 |     3 ||     5
       Brothers in Arms  |       |       |       |     1 ||     1
  Use: Scroll            |       |     2 |     3 |     7 ||    12
 Stab: Sleeping          |     1 |     3 |       |       ||     4
       Distracted        |       |       |       |     1 ||     1
  Eat: Chunk             |       |    12 |    11 |    30 ||    53
       Beef jerky        |       |       |     3 |     1 ||     4
       Pizza             |       |       |     2 |       ||     2
       Fruit             |       |       |     4 |       ||     4
       Royal jelly       |       |       |       |     4 ||     4
Armor: Animal skin       |     6 |    10 |    13 |       ||    29
       Chain mail        |       |       |    61 |       ||    61
       Plate armour      |       |       |    61 |   373 ||   434
Dodge: Dodged            |    25 |    55 |   142 |   283 ||   505
